 Dungeon Crawl Stone Soup version 0.31-a0-174-g85c54bcb58 (webtiles) character file.

Game seed: 7343445339175744477

42 Hubris850 the Shield-Bearer (level 3, 0/33 HPs)
             Began as a Minotaur Fighter on June 15, 2023.
             Slain by a gnoll
             ... wielding a +0 halberd
              (14 damage)
             ... on level 2 of the Dungeon.
             The game lasted 00:02:42 (633 turns).

Hubris850 the Shield-Bearer (Minotaur Fighter)       Turns: 633, Time: 00:02:42

Health: 0/33       AC:  7    Str: 22    XL:     3   Next: 35%
Magic:  2/2        EV:  9    Int:  5    God:
Gold:   47         SH:  4    Dex:  9    Spells: 2/2 levels left

rFire   . . .        a - +0 war axe
rCold   . . .        c - +0 buckler
rNeg    . . .        b - +0 scale mail
rPois   .            (helmet restricted)
rElec   .            h - scarf {repulsion}
rCorr   .            (no gloves)
SInv    .            (no boots)
Will    .....        (no amulet) Stlth
                     (no ring)
HPRegen 0.25/turn    (no ring)
MPRegen 0.08/turn

%: repel missiles
@: no status effects
A: horns 2, retaliatory headbutt
a: no special abilities


You were on level 2 of the Dungeon.
You visited 1 branch of the dungeon, and saw 2 of its levels.

You collected 47 gold pieces.

Inventory:

Hand Weapons
 a - a +0 war axe (weapon)
Missiles
 g - 3 curare-tipped darts (quivered)
Armour
 b - a +0 scale mail (worn)
 c - a +0 buckler (worn)
 h - a scarf of repulsion (worn)
Scrolls
 f - a scroll of summoning {unknown}
 j - 2 scrolls of identify {unknown}
 m - a scroll of enchant weapon {unknown}
 n - a scroll of blinking {unknown}
 o - a scroll of noise {unknown}
Potions
 d - a potion of might
 e - a potion of mutation {unknown}
 i - a potion of curing {unknown}
 k - a potion of heal wounds {unknown}
 l - a potion of haste {unknown}


   Skills:
 + Level 4.0 Fighting
 - Level 2.4 Axes
 + Level 1.0 Throwing
 + Level 4.0 Armour
 + Level 1.2 Dodging
 + Level 4.0 Shields


You had 2 spell levels left.
You didn't know any spells.
Your spell library was empty.

Dungeon Overview and Level Annotations

Branches:
Dungeon (2/15)

Altars:


Innate Abilities, Weirdness & Mutations

You have a pair of horns on your head.
You reflexively headbutt those who attack you in melee.


Message History

You slash the giant cockroach!
You kill the giant cockroach!
No target in view!
You see here a giant cockroach corpse.
Found a stone staircase leading down.
o - a scroll labelled QOIVVE HAAKK You now have 47 gold pieces (gained 6).
A gnoll comes into view. It is wielding a +0 flail.
The gnoll shouts!
You hear a shout!
A gnoll comes into view. It is wielding a +0 halberd.
The gnoll moves out of view.
A gnoll comes into view. It is wielding a +0 club.
The gnoll shouts!
Found a scroll labelled TIRUNKURCHOFF.
Found 13 gold pieces.
You hit the gnoll. Your headbutt misses the gnoll.
The gnoll is moderately wounded.
The gnoll closely misses you.
You barely miss the gnoll.
The gnoll is moderately wounded.
You block the gnoll's attack. The gnoll barely misses you.
You hit the gnoll.
The gnoll is moderately wounded.
You barely miss the gnoll. The gnoll completely misses you.
The gnoll hits you but does no damage. x2; You block the gnoll's attack. x2
The gnoll hits you with a +0 club.
You hit the gnoll.
The gnoll is almost dead.
You barely miss the gnoll. The gnoll barely misses you.
The gnoll hits you from afar with a +0 halberd!
The gnoll hits you but does no damage.
You hit the gnoll.
You kill the gnoll!
You hit the gnoll. The gnoll barely misses you. x2
Your Throwing skill increases to level 1!
You barely miss the gnoll. Your headbutt misses the gnoll.
The gnoll is lightly wounded.
The gnoll hits you with a +0 flail.
The gnoll hits you from afar with a +0 halberd!
You die...

#### #.$ # # ##..#
#... ## ..#....
##.. ##. ......
#..# #.. #.... #..#
#.. #.?.g ###..#
#.. #.)###
#....#######. #g@.#
#.##.........
###.###......####..
#.##..###...# #..
#.....# ###...##.
.........### ##...#
...#.....# ##.# .
#.###.. .# #. ####
# #.


You could see 2 gnolls.

Vanquished Creatures
  A gnoll (D:2)
  An adder (D:2)
  2 endoplasms (D:1)
  2 giant cockroaches
  3 goblins (D:1)
  2 hobgoblins (D:1)
  3 quokkas
  2 ball pythons (D:1)
  3 bats (D:1)
  2 kobolds (D:1)
  2 rats (D:1)
23 creatures vanquished.

Notes
Turn   | Place    | Note
-------+----------+-------------------------------------------
     0 | D:1      | Hubris850 the Minotaur Fighter began the quest for the Orb.
     0 | D:1      | Reached XP level 1. HP: 19/19 MP: 0/0
   138 | D:1      | Reached XP level 2. HP: 27/27 MP: 1/1
   252 | D:1      | Reached skill level 1 in Dodging
   455 | D:2      | Reached XP level 3. HP: 24/33 MP: 2/2
   633 | D:2      | Reached skill level 1 in Throwing
   633 | D:2      | Slain by a gnoll

Illustrated notes

Levels and vault maps discovered:
D:1:      minmay_arrival_loop, layout_rooms, minmay_tripent
D:2:      layout_rooms, chequers_garden

Skill      XL: |  1  2  3 |
---------------+----------+-----
Dodging        | 1 |  1.2
Fighting       | 4 |  4.0
Armour         | 4 |  4.0
Shields        | 4 |  4.0
Throwing       | 1 |  1.0
Axes           | |  2.4

Action                     || total
---------------------------++-------
  Melee: War axe           ||    53
         Headbutt          ||     2
 Armour: Scale mail        ||    31
  Dodge: Dodged            ||    32
  Block: Buckler           ||    10

Table legend: (Time is in decaauts)
 A = Elapsed time spent in this place.
 B = Non-inter-level travel time spent in this place.
 C = Inter-level travel time spent in this place.
 D = Time resting spent in this place.
 E = Time spent auto-exploring this place.
 F = Levels seen in this place.
 G = Mean time per level.
                   A        B        C        D        E       F      G
               +--------+--------+--------+--------+--------+-----+--------+
         Total |    653 |    643 |     10 |      0 |    464 |   2 |  326.5 |
       Dungeon |    653 |    643 |     10 |      0 |    464 |   2 |  326.5 |
               +--------+--------+--------+--------+--------+-----+--------+

Top non-repeatable levels by time:
     D:1: 438 daAuts
     D:2: 215 daAuts
